 Dungeon Crawl Stone Soup version 0.16.2-12-gd0ad4c3 (webtiles) character file.

486 Seneschal the Skirmisher (level 6, -11/57 HPs)
             Began as a Minotaur Fighter on Sept 22, 2015.
             Mangled by Pikel
             ... wielding a +0 whip of electrocution
              (19 damage)
             ... on level 4 of the Dungeon.
             The game lasted 00:11:24 (2675 turns).

Seneschal the Skirmisher (Minotaur Fighter)         Turns: 2675, Time: 00:11:24

Health: -11/57     AC: 11    Str: 22      XL:     6   Next: 89%
Magic:  3/3        EV:  6    Int:  2 (5)  God:
Gold:   117        SH: 10    Dex: 10      Spells: 0 memorised, 5 levels left

rFire  . . .     SeeInvis .     a - +1 flail
rCold  . . .     Clarity  .     m - +0 chain mail
rNeg   . . .     SustAb   .     c - +0 shield
rPois  .         Gourm    .     (helmet restricted)
rElec  .         Spirit   .     (no cloak)
rCorr  .         Warding  .     q - +0 pair of gloves
rMut   .         Stasis   .     (no boots)
MR     .....                    (no amulet)
Stlth  ..........               (no ring)
                                (no ring)

@: not resistant to hostile enchantments, extremely unstealthy
A: retaliatory headbutt, horns 2
a: no special abilities


You were on level 4 of the Dungeon.
You were very hungry.

You visited 1 branch of the dungeon, and saw 4 of its levels.

You collected 117 gold pieces.

Inventory:

Hand weapons
 a - a +1 flail (weapon)
 e - a +0 scythe
Armour
 b - a +0 scale mail
 c - a +0 shield (worn)
 i - a +0 scale mail
 m - a +0 chain mail (worn)
 q - a +0 pair of gloves (worn)
Magical devices
 f - a wand of random effects (18)
Scrolls
 g - 5 scrolls of teleportation
 j - 2 scrolls of identify
 t - a scroll of magic mapping
Potions
 k - 2 potions of curing
 n - a potion of ambrosia
 o - 2 potions of restore abilities
 p - a potion of heal wounds {unknown}
 r - a potion of degeneration
 s - a potion of agility
Comestibles
 d - 4 bread rations
 h - 3 meat rations
 l - a beef jerky


   Skills:
 * Level 5.8 Fighting
 * Level 5.4 Maces & Flails
 + Level 5.3 Armour
 - Level 0.7 Dodging
 + Level 5.0 Shields
 + Level 0.2 Evocations


You had 5 spell levels left.
You didn't know any spells.

Dungeon Overview and Level Annotations

Branches:
Dungeon (4/15)
 Temple: D:4-7

Altars:
Makhleb
Okawaru

Annotations:
D:4 Pikel


Innate Abilities, Weirdness & Mutations

You reflexively headbutt those who attack you in melee.
You have a pair of horns on your head.


Message History

You sock Pikel! You headbutt Pikel.
Pikel is almost dead.
Pikel hits you but does no damage.
You closely miss Pikel.
Pikel is almost dead.
You block Pikel's attack. Pikel closely misses you.
You closely miss Pikel. Your headbutt misses Pikel.
Pikel is almost dead.
You block Pikel's attack.
You hit Pikel but do no damage.
Pikel is almost dead.
Pikel hits you with a whip of electrocution!
You are electrocuted!
Pikel hits you with a whip of electrocution.
You are electrocuted!
* * * LOW HITPOINT WARNING * * *
You hit Pikel. You headbutt Pikel.
Pikel is almost dead.
Pikel hits you but does no damage.
You are electrocuted!
You die...

#.##.# #.##.# #.##.#
#.##.# #.##.# #######.#
#.##.###.......#
######.........<#####
..............#.#####..#
###############.@Kppp..#
########.#


You could see Pikel (berserk) and 3 slaves.

Vanquished Creatures
  The ghost of Thomus the Magician, an average DsWz (D:3)
  A phantom (D:4)
  A slave (D:4)
  Sigmund (D:3)
  An orc priest (D:3)
  Ijyb (D:2)
  3 gnolls
  2 adders
  A giant mite (D:1)
  A worm (D:3)
  3 giant geckos
  An ooze (D:2)
  6 orcs (D:3)
  11 bats
  2 giant cockroaches
  9 hobgoblins
  A quokka (D:2)
  11 goblins
  7 jackals (D:1)
  8 kobolds
  7 rats
79 creatures vanquished.

Notes
Turn   | Place    | Note
--------------------------------------------------------------
     0 | D:1      | Seneschal, the Minotaur Fighter, began the quest for the Orb.
     0 | D:1      | Reached XP level 1. HP: 19/19 MP: 1/1
    46 | D:1      | Reached XP level 2. HP: 9/27 MP: 1/1
    57 | D:1      | Reached skill level 4 in Armour
   514 | D:1      | Reached XP level 3. HP: 19/33 MP: 2/2
   918 | D:2      | Noticed Ijyb
   929 | D:2      | Killed Ijyb
   929 | D:2      | Reached XP level 4. HP: 36/40 MP: 2/2
  1325 | D:2      | Found an iron altar of Okawaru.
  1396 | D:2      | Found a burning altar of Makhleb.
  1576 | D:3      | Noticed Thomus' ghost (average DsWz)
  1583 | D:3      | Killed Thomus' ghost
  1583 | D:3      | Reached skill level 5 in Fighting
  1583 | D:3      | Reached skill level 5 in Armour
  1583 | D:3      | Reached XP level 5. HP: 48/48 MP: 2/2
  1583 | D:3      | Reached XP level 6. HP: 56/56 MP: 3/3
  1668 | D:3      | Reached skill level 5 in Shields
  1819 | D:3      | Noticed Sigmund
  1858 | D:3      | Killed Sigmund
  2376 | D:3      | Reached skill level 5 in Maces & Flails
  2646 | D:4      | Noticed Pikel
  2675 | D:4      | Mangled by Pikel

Action                   |  1- 3 |  4- 6 || total
-------------------------+-------+-------++-------
Melee: Flail             |   100 |   128 ||   228
Evoke: Wand              |       |     2 ||     2
  Use: Scroll            |     6 |     2 ||     8
       Potion            |       |     5 ||     5
  Eat: Chunk             |       |     4 ||     4
       Beef jerky        |       |     1 ||     1
